 Dungeon Crawl Stone Soup version 0.27-a0-59-gfbafd837a3 (webtiles) character file.

Game seed: 14296197753908725001

287 Borgoz the Cudgeller (level 6, -3/38 HPs)
             Began as a Gargoyle Gladiator on Jan 8, 2021.
             Killed from afar by Dowan (13 damage)
             ... with a stone arrow
             ... on level 4 of the Dungeon.
             The game lasted 00:03:44 (3048 turns).

Borgoz the Cudgeller (Gargoyle Gladiator)           Turns: 3048, Time: 00:03:45

Health: -3/38      AC: 13    Str: 17    XL:     6   Next: 30%
Magic:  6/6        EV: 11    Int:  9    God:
Gold:   262        SH:  0    Dex: 13    Spells: 5/5 levels left

rFire    + . .     SeeInvis .   a - +0 flail
rCold    . . .     Faith    .   (no shield)
rNeg     + . .     Spirit   .   k - +1 scale mail {rF+}
rPois    ∞         Reflect  .   c - +0 helmet
rElec    +         Harm     .   (no cloak)
rCorr    .         Rampage  .   (no gloves)
Will     .....                  (no boots)
Stlth    ..........             (no amulet)
HPRegen  0.12/turn              (no ring)
MPRegen  0.10/turn              (no ring)

@: no status effects
A: negative energy resistance 1, electricity resistance, unbreathing,
petrification resistance, miasma immunity, AC +4
a: no special abilities


You were on level 4 of the Dungeon.
You visited 1 branch of the dungeon, and saw 4 of its levels.

You collected 262 gold pieces.

Inventory:

Hand Weapons
 a - a +0 flail (weapon)
Missiles
 d - 3 throwing nets (quivered)
Armour
 c - a +0 helmet (worn)
 k - a +1 scale mail of fire resistance (worn)
Wands
 f - a wand of iceblast (7)
Scrolls
 b - a scroll of remove curse {unknown}
 e - a scroll of random uselessness {unknown}
 g - 2 scrolls of enchant armour {unknown}
 h - 3 scrolls of amnesia {unknown}
 i - a scroll of noise {unknown}
 l - 2 scrolls of identify {unknown}
 p - a scroll of blinking {unknown}
Potions
 m - a potion of degeneration {unknown}
 n - a potion of heal wounds {unknown}
 o - a potion of brilliance {unknown}


   Skills:
 + Level 3.7 Fighting
 * Level 4.9 Maces & Flails
 - Level 1.7 Throwing
 + Level 2.6 Armour
 + Level 3.3 Dodging


You had 5 spell levels left.
You didn't know any spells.
Your spell library was empty.

Dungeon Overview and Level Annotations

Branches:
Dungeon (4/15)
 Temple: D:4-7

Altars:
Uskayaw

Annotations:
D:4 Dowan


Innate Abilities, Weirdness & Mutations

You are resistant to torment.
Your stone body is resilient. (AC +4)
You are immune to poison.
You resist negative energy. (rN+)
You are resistant to electric shocks. (rElec)
You can survive without breathing.
You are immune to petrification.
You are immune to miasma.


Message History

Dowan hits you but does no damage.
You have reached level 6!
Your experience leads to an increase in your attributes!
Increase (S)trength, (I)ntelligence, or (D)exterity?
You feel agile.
You miss Dowan. Dowan hits you but does no damage. x2
You closely miss Dowan. Dowan barely misses you.
Dowan hits you but does no damage.
You completely miss Dowan. Dowan hits you but does no damage.
Dowan gestures at you while chanting. The stone arrow hits you!
* * * LOW HITPOINT WARNING * * *
You hit Dowan.
Dowan is moderately wounded.
Dowan closely misses you. Dowan hits you but does no damage.
You thump Dowan!
Dowan is severely wounded.
Dowan casts a spell at you. The stone arrow hits you!
You die...

#..................#
########...........#
#...).......#
#...........#
#...........#
####...........#
...............#
...........$...#
.......@e......#
.......).#######
.........+
.........#
........?#
##########


You could see Dowan (fast).

Vanquished Creatures
  Duvessa (D:4)
  Ijyb (D:3)
  Terence (D:2)
  4 gnolls (D:3)
  3 adders (D:2)
  An ooze (D:1)
  2 dart slugs (D:2)
  2 orcs (D:3)
  4 giant cockroaches
  6 goblins
  11 hobgoblins
  10 kobolds
  4 quokkas
  A ball python (D:2)
  14 bats
  4 frilled lizards
  10 rats
79 creatures vanquished.

Notes
Turn   | Place    | Note
-------+----------+-------------------------------------------
     0 | D:1      | Borgoz the Gargoyle Gladiator began the quest for the Orb.
     0 | D:1      | Reached XP level 1. HP: 12/12 MP: 1/1
    52 | D:1      | Reached XP level 2. HP: 16/18 MP: 2/2
   367 | D:1      | Reached skill level 1 in Armour
   426 | D:1      | Reached XP level 3. HP: 22/22 MP: 3/3
  1096 | D:2      | Reached XP level 4. HP: 27/27 MP: 4/4
  1547 | D:2      | Noticed Terence
  1556 | D:2      | Killed Terence
  1557 | D:2      | Reached skill level 4 in Maces & Flails
  1822 | D:3      | Found a hide-covered altar of Uskayaw.
  1836 | D:3      | Reached XP level 5. HP: 29/32 MP: 5/5
  2437 | D:3      | Noticed Ijyb
  2445 | D:3      | HP: 1/32 [something/iceblast (9)]
  2446 | D:3      | Killed Ijyb
  3029 | D:4      | Noticed Dowan
  3030 | D:4      | Noticed Duvessa
  3043 | D:4      | Killed Duvessa
  3044 | D:4      | Reached XP level 6. HP: 16/38 MP: 6/6
  3048 | D:4      | Killed from afar by Dowan

Illustrated notes

Levels and vault maps discovered:
D:1:      minmay_arrival_checkered_box, layout_loops_ring
D:2:      minmay_wonky_spiral, layout_basic, uniq_terence
D:3:      kennysheep_six_static_rooms, layout_basic,
          eat_drink_and_be_merry_uskayaw, uniq_ijyb
D:4:      layout_gridville, nicolae_qazlal_general_emergency,
          kiku_gazebo_pond_becter, mrwooster_statue_mirror, goddamned_bats,
          uniq_duvessa

Skill      XL: |  1  2  3  4  5 |
---------------+----------------+-----
Armour         | 1 2 |  2.6
Fighting       | 3 |  3.7
Maces & Flails | 4 |  4.9
Dodging        | 3 |  3.3
Throwing       | |  1.7

Action                   |  1- 3 |  4- 6 || total
-------------------------+-------+-------++-------
Melee: Flail             |   100 |   184 ||   284
  Use: Potion            |       |     4 ||     4
Armor: Leather armour    |    18 |       ||    18
       Scale mail        |    32 |   168 ||   200
Dodge: Dodged            |    68 |   141 ||   209

Table legend: (Time is in decaauts)
 A = Elapsed time spent in this place.
 B = Non-inter-level travel time spent in this place.
 C = Inter-level travel time spent in this place.
 D = Time resting spent in this place.
 E = Time spent auto-exploring this place.
 F = Levels seen in this place.
 G = Mean time per level.
                   A        B        C        D        E       F      G
               +--------+--------+--------+--------+--------+-----+--------+
         Total |   3103 |   2984 |    119 |    334 |   2043 |   4 |  775.8 |
       Dungeon |   3103 |   2984 |    119 |    334 |   2043 |   4 |  775.8 |
               +--------+--------+--------+--------+--------+-----+--------+

Top non-repeatable levels by time:
     D:3: 1273 daAuts
     D:2: 1202 daAuts
     D:1: 590 daAuts
     D:4: 37 daAuts
